Hershey Bears vs Laval Rocket
Created - Thursday, February 5, 2026 at 10:25
Goals
|
| Hershey Bears |
0 |
2 |
2 |
0 |
4 |
| Laval Rocket |
2 |
0 |
2 |
1 |
5 |
|
Shots
|
| Hershey Bears |
6 |
14 |
21 |
0 |
41 |
| Laval Rocket |
13 |
10 |
14 |
1 |
38 |
|
1st period
1. Laval Rocket , Olle Lycksell 4 (Mikael Pyyhtia 7) at 8:34
2. Laval Rocket , Fyodor Svechkov 13 (Olle Lycksell 7) at 19:28
Penalties :
Ben McCartney (LAV) for Unsportsmanlike conduct (Minor) at 9:40
2nd period
3. Hershey Bears , Marcus Johansson 12 (James van Riemsdyk 8) at 5:55
4. Hershey Bears , James van Riemsdyk 12 (Marcus Johansson 17, Daniil Miromanov 7) at 19:21
Penalties :
Stephen Halliday (LAV) for Tripping (Minor) at 0:22, Lian Bichsel (LAV) for Interference (Minor) at 7:00, Ben McCartney (LAV) for Holding (Minor) at 10:38
3rd period
5. Laval Rocket , Fyodor Svechkov 14 (Ethen Frank 15, Colin Miller 4) at 2:53
6. Hershey Bears , David Gustafsson 4 (Ivan Miroshnichenko 4, Jaycob Megna 6) at 4:57
7. Hershey Bears , Nathan Bastian 6 (Mason Lohrei 12, Steven Santini 10) at 14:30
8. Laval Rocket , Martin Chromiak 3 (Tobias Bjornfot 9, Lian Bichsel 11) at 17:25
Penalties :
No Penalty
Overtime #1
9. Laval Rocket , Ethen Frank 8 (Lian Bichsel 12) at 0:26
Penalties :
No Penalty
Goalie Stats
Calvin Pickard (HER), 33 saves from 38 shots - (0.868), OTL, 7-3-2, 60:26 minutes
Jet Greaves (LAV), 37 saves from 41 shots - (0.902), W, 11-3-1, 60:26 minutes
Players Stats for Hershey Bears
Player Name G A P +/- PIM S H SB GA TA FO MP PP MP PK MP
------------------------------------------------------------------------------------
0 0 0 0 0 0 0 0 0 0 0/0 0:00 0:00 0:00
Ben Hutton 0 0 0 -2 0 0 0 1 0 1 0/0 13:04 0:00 0:00
Daniil Miromanov 0 1 1 0 0 1 0 2 0 0 0/0 22:31 3:48 0:00
David Gustafsson 1 0 1 1 0 5 0 0 0 0 1/4 9:19 0:00 0:00
Hendrix Lapierre 0 0 0 -1 0 4 3 0 1 0 0/1 19:17 3:51 0:00
Ivan Miroshnichenko 0 1 1 1 0 4 1 0 0 0 0/2 9:27 0:07 0:00
James van Riemsdyk 1 1 2 -1 0 3 0 0 0 1 2/2 18:02 3:58 0:00
Jaycob Megna 0 1 1 -2 0 0 0 0 0 0 0/0 13:04 0:00 0:00
Logan Brown 0 0 0 -1 0 2 2 1 0 0 12/25 16:04 0:10 0:00
Marcus Johansson 1 1 2 0 0 3 0 1 2 2 0/1 17:51 3:58 0:00
Mason Lohrei 0 1 1 1 0 1 1 3 0 0 0/0 24:51 4:08 0:00
Nathan Bastian 1 0 1 0 0 1 0 0 0 0 0/0 13:25 0:00 0:00
Nils Hoglander 0 0 0 -1 0 6 2 0 0 1 0/1 19:25 3:51 0:00
Noah Juulsen 0 0 0 0 0 2 3 2 0 0 0/0 22:31 3:48 0:00
Rasmus Kupari 0 0 0 -1 0 2 1 0 1 1 5/13 17:51 3:55 0:00
Steven Santini 0 1 1 1 0 1 1 2 0 0 0/0 24:51 4:08 0:00
Thomas Bordeleau 0 0 0 0 0 2 1 0 0 0 7/11 17:00 3:58 0:00
Tyler Motte 0 0 0 1 0 2 1 0 0 0 0/1 9:46 0:00 0:00
Yegor Sokolov 0 0 0 0 0 2 1 0 1 0 0/0 13:25 0:00 0:00
Players Stats for Laval Rocket
Player Name G A P +/- PIM S H SB GA TA FO MP PP MP PK MP
------------------------------------------------------------------------------------
0 0 0 0 0 0 0 0 0 0 0/0 0:00 0:00 0:00
Ben McCartney 0 0 0 -1 4 1 1 0 0 0 0/0 15:07 0:00 0:56
Colin Miller 0 1 1 -1 0 0 2 3 1 1 0/0 27:29 0:00 4:26
David Spacek 0 0 0 1 0 0 0 2 0 0 0/0 13:34 0:00 0:09
Ethen Frank 1 1 2 1 0 3 1 3 0 0 0/2 17:38 0:00 3:33
Fyodor Svechkov 2 0 2 1 0 9 0 1 0 0 11/23 24:27 0:00 3:32
Hugh McGing 0 0 0 0 0 1 0 0 0 0 0/0 8:11 0:00 0:00
Ilya Lyubushkin 0 0 0 -1 0 3 3 2 0 1 0/0 27:29 0:00 4:26
Lian Bichsel 0 2 2 1 2 0 1 0 1 0 0/0 18:38 0:00 2:36
Martin Chromiak 1 0 1 -1 0 6 0 0 1 0 0/1 14:08 0:00 0:00
Mikael Pyyhtia 0 1 1 2 0 0 1 1 1 2 2/4 19:13 0:00 3:49
Mikko Kokkonen 0 0 0 1 0 1 0 1 0 0 0/0 14:09 0:00 0:45
Nick Abruzzese 0 0 0 1 0 2 2 0 0 0 10/13 15:35 0:00 0:12
Oliver Kapanen 0 0 0 0 0 0 0 0 0 0 4/7 8:11 0:00 0:00
Olle Lycksell 1 1 2 1 0 6 0 0 1 0 1/3 15:23 0:00 0:00
Stephen Halliday 0 0 0 0 2 2 2 0 0 1 1/1 17:34 0:00 3:00
Tobias Bjornfot 0 1 1 1 0 1 1 1 0 0 0/0 19:33 0:00 3:30
Vasili Ponomarev 0 0 0 -1 0 3 3 0 1 0 5/7 14:23 0:00 0:00
Wilmer Skoog 0 0 0 -1 0 0 0 0 0 0 0/0 3:02 0:00 0:50
3 Stars
1 - Fyodor Svechkov (LAV)
2 - Ethen Frank (LAV)
3 - Olle Lycksell (LAV)
Power Play
Hershey Bears - 0 on 4 Attempt(s) - 0.00%
Laval Rocket - 0 on 0 Attempt(s) - 0.00%
Penalty Kill
Hershey Bears - 0 on 0 Attempt(s) - 0.00%
- Score 0 goal in Penalty Kill
Laval Rocket - 4 on 4 Attempt(s) - 100.00%
- Score 0 goal in Penalty Kill
Team Stat
Hershey Bears - Hits : 17 - Faceoff Wins : 27 - Blocked Shots : 12 - Penalty Minutes : 0
Laval Rocket - Hits : 17 - Faceoff Wins : 34 - Blocked Shots : 14 - Penalty Minutes : 8
Official
Referees : Michael Markovic and Jean Hebert
Linesman : Ben O'Quinn and Mitchell Hunt
Game Notes
No Game Note
Hershey Bears
5 vs 5 Forward
Center Left Wing Right Wing Time % Phy DF OF
1 Logan Brown Nils Hoglander Hendrix Lapierre 30 0 2 3
2 Rasmus Kupari Marcus Johansson James van Riemsdyk 30 0 2 3
3 Thomas Bordeleau Nathan Bastian Yegor Sokolov 25 1 2 2
4 David Gustafsson Ivan Miroshnichenko Tyler Motte 15 1 2 2
5 vs 5 Defense
Defense Defense Time % Phy DF OF
1 Mason Lohrei Steven Santini 39 1 2 2
2 Noah Juulsen Daniil Miromanov 36 1 2 2
3 Jaycob Megna Ben Hutton 25 1 2 2
4 Jaycob Megna Ben Hutton 0 1 2 2
PowerPlay Forward
Center Left Wing Right Wing Time % Phy DF OF
1 Thomas Bordeleau Nils Hoglander Hendrix Lapierre 50 0 1 4
2 Rasmus Kupari Marcus Johansson James van Riemsdyk 50 0 1 4
PowerPlay Defense
Defense Defense Time % Phy DF OF
1 Mason Lohrei Steven Santini 50 1 2 2
2 Noah Juulsen Daniil Miromanov 50 1 2 2
Penalty Kill 4 Players Forward
Center Wing Time % Phy DF OF
1 Logan Brown Tyler Motte 50 0 4 1
2 Rasmus Kupari Nathan Bastian 50 0 4 1
Penalty Kill 4 Players Defense
Defense Defense Time % Phy DF OF
1 Mason Lohrei Steven Santini 50 1 4 0
2 Noah Juulsen Daniil Miromanov 50 1 4 0
Penalty Kill - 3 Players Forward
Forward Time % Phy DF OF
1 Logan Brown 50 0 5 0
2 David Gustafsson 50 0 5 0
Penalty Kill - 3 Players Defense
Defense Defense Time % Phy DF OF
1 Mason Lohrei Steven Santini 50 1 4 0
2 Noah Juulsen Daniil Miromanov 50 1 4 0
4 vs 4 Forward
Center Wing Time % Phy DF OF
1 Logan Brown Thomas Bordeleau 50 1 1 3
2 Rasmus Kupari James van Riemsdyk 50 1 1 3
4 vs 4 Defense
Defense Defense Time % Phy DF OF
1 Mason Lohrei Steven Santini 50 1 2 2
2 Noah Juulsen Daniil Miromanov 50 1 2 2
Last Minutes Offensive
Center Left Wing Right Wing Defense Defense
Rasmus Kupari Marcus Johansson James van Riemsdyk Mason Lohrei Logan Brown
Last Minutes Defensive
Center Left Wing Right Wing Defense Defense
Tyler Motte David Gustafsson Nathan Bastian Mason Lohrei Noah Juulsen
Goaltenders
Starting : Calvin Pickard
Backup : Brandon Halverson
Extra Forwards
Normal : David Gustafsson, Ivan Miroshnichenko, Tyler Motte - PP : Logan Brown, Ivan Miroshnichenko - PK : David Gustafsson
Extra Defensemen
Normal : Steven Santini, Ben Hutton, Jaycob Megna - PP : Ben Hutton - PK : Steven Santini, Jaycob Megna
Penalty Shots
Logan Brown, James van Riemsdyk, Yegor Sokolov, Thomas Bordeleau, Steven Santini
Scratches
Boris Katchouk (Healthy), Tristan Broz (Healthy), Jean-Luc Foudy (Healthy), Marek Alscher (Healthy), Alexander Holtz (Healthy)
Ronnie Attard (Healthy), Nico Daws (Healthy), Jan Bednar (Healthy)
Laval Rocket
5 vs 5 Forward
Center Left Wing Right Wing Time % Phy DF OF
1 Fyodor Svechkov Stephen Halliday Ethen Frank 30 1 2 2
2 Nick Abruzzese Mikael Pyyhtia Olle Lycksell 30 1 2 2
3 Vasili Ponomarev Ben McCartney Martin Chromiak 25 1 2 2
4 Oliver Kapanen Hugh McGing Fyodor Svechkov 15 1 2 2
5 vs 5 Defense
Defense Defense Time % Phy DF OF
1 Ilya Lyubushkin Colin Miller 30 1 2 2
2 Lian Bichsel Tobias Bjornfot 30 1 2 2
3 David Spacek Mikko Kokkonen 25 1 2 2
4 Ilya Lyubushkin Colin Miller 15 1 2 2
PowerPlay Forward
Center Left Wing Right Wing Time % Phy DF OF
1 Fyodor Svechkov Stephen Halliday Ethen Frank 50 1 2 2
2 Nick Abruzzese Mikael Pyyhtia Olle Lycksell 50 1 2 2
PowerPlay Defense
Defense Defense Time % Phy DF OF
1 Ilya Lyubushkin Colin Miller 50 1 2 2
2 Lian Bichsel Tobias Bjornfot 50 1 2 2
Penalty Kill 4 Players Forward
Center Wing Time % Phy DF OF
1 Fyodor Svechkov Stephen Halliday 50 1 2 2
2 Mikael Pyyhtia Ethen Frank 50 1 2 2
Penalty Kill 4 Players Defense
Defense Defense Time % Phy DF OF
1 Ilya Lyubushkin Colin Miller 50 1 2 2
2 Lian Bichsel Tobias Bjornfot 50 1 2 2
Penalty Kill - 3 Players Forward
Forward Time % Phy DF OF
1 Fyodor Svechkov 50 1 2 2
2 Stephen Halliday 50 1 2 2
Penalty Kill - 3 Players Defense
Defense Defense Time % Phy DF OF
1 Ilya Lyubushkin Colin Miller 50 1 2 2
2 Lian Bichsel Tobias Bjornfot 50 1 2 2
4 vs 4 Forward
Center Wing Time % Phy DF OF
1 Fyodor Svechkov Stephen Halliday 50 1 2 2
2 Mikael Pyyhtia Ethen Frank 50 1 2 2
4 vs 4 Defense
Defense Defense Time % Phy DF OF
1 Ilya Lyubushkin Colin Miller 50 1 2 2
2 Lian Bichsel Tobias Bjornfot 50 1 2 2
Last Minutes Offensive
Center Left Wing Right Wing Defense Defense
Fyodor Svechkov Stephen Halliday Ethen Frank Ilya Lyubushkin Colin Miller
Last Minutes Defensive
Center Left Wing Right Wing Defense Defense
Fyodor Svechkov Stephen Halliday Ethen Frank Ilya Lyubushkin Colin Miller
Goaltenders
Starting : Jet Greaves
Backup : Alexei Kolosov
Extra Forwards
Normal : Wilmer Skoog, Vasili Ponomarev, Ben McCartney - PP : Wilmer Skoog, Vasili Ponomarev - PK : Ben McCartney
Extra Defensemen
Normal : David Spacek, Mikko Kokkonen, Lian Bichsel - PP : David Spacek - PK : Mikko Kokkonen, Lian Bichsel
Penalty Shots
Fyodor Svechkov, Stephen Halliday, Mikael Pyyhtia, Ethen Frank, Nick Abruzzese
Scratches
Mikulas Hovorka (Healthy), Jonathan Aspirot (Healthy), Gleb Veremyev (Healthy), Trey Taylor (Healthy), Roman Schmidt (Healthy)
Simon Lundmark (Healthy), David Rittich (Healthy), Calle Clang (Healthy), Callum Tung (Healthy)
% Time on Ice - Hershey Bears
Lines # - Real PCT - Wanted PCT - Time Play
Normal Forward
1 - 30% - 30% - 15:39
2 - 27% - 30% - 13:53
3 - 26% - 25% - 13:25
4 - 18% - 15% - 9:07
Normal Defense
1 - 39% - 39% - 20:28
2 - 36% - 36% - 18:32
3 - 23% - 25% - 11:56
4 - 2% - 0% - 1:08
PP Forward
1 - 50% - 50% - 3:58
2 - 50% - 50% - 3:58
PP Defense
1 - 52% - 50% - 4:08
2 - 48% - 50% - 3:48
PK Forward
1 - 0% - 50%
2 - 0% - 50%
PK Defense
1 - 0% - 50%
2 - 0% - 50%
PK3 Forward
1 - 0% - 50%
2 - 0% - 50%
PK3 Defense
1 - 0% - 50%
2 - 0% - 50%
44 Forward
1 - 58% - 50% - 0:15
2 - 42% - 50% - 0:11
44 Defense
1 - 58% - 50% - 0:15
2 - 42% - 50% - 0:11
Last Minute Offensive - 0:00
Last Minute Defensive - 0:00
Total
Forward - 60:26
Defense - 60:26
|
% Time on Ice - Laval Rocket
Lines # - Real PCT - Wanted PCT - Time Play
Normal Forward
1 - 28% - 30% - 14:20
2 - 30% - 30% - 15:25
3 - 27% - 25% - 14:08
4 - 16% - 15% - 8:11
Normal Defense
1 - 30% - 30% - 15:43
2 - 30% - 30% - 15:52
3 - 26% - 25% - 13:24
4 - 14% - 15% - 7:05
PP Forward
1 - 0% - 50%
2 - 0% - 50%
PP Defense
1 - 0% - 50%
2 - 0% - 50%
PK Forward
1 - 52% - 50% - 4:08
2 - 48% - 50% - 3:48
PK Defense
1 - 56% - 50% - 4:26
2 - 44% - 50% - 3:30
PK3 Forward
1 - 0% - 50%
2 - 0% - 50%
PK3 Defense
1 - 0% - 50%
2 - 0% - 50%
44 Forward
1 - 58% - 50% - 0:15
2 - 42% - 50% - 0:11
44 Defense
1 - 58% - 50% - 0:15
2 - 42% - 50% - 0:11
Last Minute Offensive - 0:00
Last Minute Defensive - 0:00
Total
Forward - 60:26
Defense - 60:26
|
Play-by-Play
1st period
0:01 of 1st period - Fyodor Svechkov wins face-off versus Logan Brown in neutral zone.
0:14 of 1st period - Slapshot by Fyodor Svechkov.
0:14 of 1st period - Shot Misses the Net.
0:16 of 1st period - Slapshot by Ethen Frank.
0:16 of 1st period - Shot Misses the Net.
0:26 of 1st period - Ilya Lyubushkin is hit by Mason Lohrei and loses puck.
2:09 of 1st period - Noah Juulsen is hit by Vasili Ponomarev and loses puck.
2:46 of 1st period - Ethen Frank is hit by Logan Brown and loses puck.
2:55 of 1st period - Mason Lohrei is hit by Ilya Lyubushkin and loses puck.
3:08 of 1st period - Snap shot by Nils Hoglander.
3:08 of 1st period - Stopped by Jet Greaves without a rebound.
3:09 of 1st period - Rasmus Kupari wins face-off versus Oliver Kapanen in Laval Rocket zone.
3:37 of 1st period - Icing by Jaycob Megna.
3:38 of 1st period - Fyodor Svechkov wins face-off versus Rasmus Kupari in Hershey Bears zone.
4:21 of 1st period - Icing by Fyodor Svechkov.
4:22 of 1st period - Thomas Bordeleau wins face-off versus Fyodor Svechkov in Laval Rocket zone.
4:40 of 1st period - Icing by Noah Juulsen.
4:41 of 1st period - Nick Abruzzese wins face-off versus Thomas Bordeleau in Hershey Bears zone.
5:00 of 1st period - Nathan Bastian is hit by Ilya Lyubushkin and loses puck.
5:13 of 1st period - Wrist shot by Vasili Ponomarev.
5:13 of 1st period - Shot Misses the Net.
5:15 of 1st period - Slapshot by Colin Miller.
5:15 of 1st period - Shot Misses the Net.
5:41 of 1st period - Oliver Kapanen is hit by Nils Hoglander and loses puck.
6:04 of 1st period - Snap shot by James van Riemsdyk.
6:04 of 1st period - Stopped by Jet Greaves with a rebound.
6:20 of 1st period - Steven Santini is hit by Nick Abruzzese and loses puck.
6:43 of 1st period - Ivan Miroshnichenko is hit by Ben McCartney and loses puck.
7:09 of 1st period - Icing by Mason Lohrei.
7:10 of 1st period - James van Riemsdyk wins face-off versus Nick Abruzzese in Hershey Bears zone.
7:52 of 1st period - Ilya Lyubushkin is hit by Ivan Miroshnichenko and loses puck.
8:03 of 1st period - Tyler Motte is hit by Lian Bichsel and loses puck.
8:34 of 1st period - Snap shot by Olle Lycksell.
8:34 of 1st period - Goal by Olle Lycksell - Hershey Bears : 0 - Laval Rocket : 1.
8:35 of 1st period - Nick Abruzzese wins face-off versus Logan Brown in neutral zone.
8:48 of 1st period - Nick Abruzzese is hit by Noah Juulsen and loses puck.
9:01 of 1st period - Daniil Miromanov is hit by Stephen Halliday and loses puck.
9:06 of 1st period - Wrist shot by Fyodor Svechkov.
9:06 of 1st period - Shot Misses the Net.
9:08 of 1st period - Slapshot by Tobias Bjornfot.
9:08 of 1st period - Shot Blocked by Noah Juulsen.
9:10 of 1st period - Slapshot by Stephen Halliday.
9:10 of 1st period - Stopped by Calvin Pickard with a rebound.
9:40 of 1st period - Minor Penalty to Ben McCartney for Unsportsmanlike conduct.
9:41 of 1st period - Thomas Bordeleau wins face-off versus Fyodor Svechkov in Laval Rocket zone.
10:12 of 1st period - Snap shot by James van Riemsdyk.
10:12 of 1st period - Stopped by Jet Greaves with a rebound.
11:40 of 1st period - Penalty to Ben McCartney is over, Ben McCartney is back on ice.
12:02 of 1st period - Wrist shot by Tyler Motte.
12:02 of 1st period - Stopped by Jet Greaves with a rebound.
12:28 of 1st period - Wrist shot by Fyodor Svechkov.
12:28 of 1st period - Stopped by Calvin Pickard with a rebound.
12:30 of 1st period - Wrist shot by Hugh McGing.
12:30 of 1st period - Stopped by Calvin Pickard with a rebound.
12:32 of 1st period - Snap shot by Oliver Kapanen.
12:32 of 1st period - Shot Misses the Net.
12:57 of 1st period - Icing by Noah Juulsen.
12:58 of 1st period - Oliver Kapanen wins face-off versus David Gustafsson in Hershey Bears zone.
13:20 of 1st period - Snap shot by Olle Lycksell.
13:20 of 1st period - Deflect By Nick Abruzzese.
13:20 of 1st period - Shot Misses the Net.
13:20 of 1st period - Puck is out of play.
13:21 of 1st period - Nick Abruzzese wins face-off versus Rasmus Kupari in Hershey Bears zone.
13:22 of 1st period - Slapshot by Mikael Pyyhtia.
13:22 of 1st period - Shot Misses the Net.
13:24 of 1st period - Snap shot by Mikael Pyyhtia.
13:24 of 1st period - Deflect By Olle Lycksell.
13:24 of 1st period - Stopped by Calvin Pickard with a rebound.
13:26 of 1st period - Slapshot by Mikael Pyyhtia.
13:26 of 1st period - Shot Blocked by Mason Lohrei.
13:28 of 1st period - Wrist shot by Mikael Pyyhtia.
13:28 of 1st period - Shot Blocked by Mason Lohrei.
13:30 of 1st period - Wrist shot by Mikael Pyyhtia.
13:30 of 1st period - Shot Misses the Net.
13:32 of 1st period - Wrist shot by Mikael Pyyhtia.
13:32 of 1st period - Shot Misses the Net.
13:34 of 1st period - Slapshot by Mikko Kokkonen.
13:34 of 1st period - Stopped by Calvin Pickard with a rebound.
13:48 of 1st period - Martin Chromiak is hit by Hendrix Lapierre and loses puck.
14:20 of 1st period - Icing by Noah Juulsen.
14:21 of 1st period - Nick Abruzzese wins face-off versus Thomas Bordeleau in Hershey Bears zone.
14:36 of 1st period - Wrist shot by Mikael Pyyhtia.
14:36 of 1st period - Shot Misses the Net.
15:38 of 1st period - Snap shot by Marcus Johansson.
15:38 of 1st period - Shot Misses the Net.
15:50 of 1st period - Slapshot by Ivan Miroshnichenko.
15:50 of 1st period - Stopped by Jet Greaves without a rebound.
15:51 of 1st period - Vasili Ponomarev wins face-off versus David Gustafsson in Laval Rocket zone.
15:56 of 1st period - Snap shot by Vasili Ponomarev.
15:56 of 1st period - Stopped by Calvin Pickard without a rebound.
15:57 of 1st period - Fyodor Svechkov wins face-off versus Nils Hoglander in Hershey Bears zone.
15:58 of 1st period - Snap shot by Ethen Frank.
15:58 of 1st period - Shot Blocked by Logan Brown.
16:00 of 1st period - Slapshot by Fyodor Svechkov.
16:00 of 1st period - Stopped by Calvin Pickard with a rebound.
16:02 of 1st period - Snap shot by Stephen Halliday.
16:02 of 1st period - Stopped by Calvin Pickard without a rebound.
16:03 of 1st period - Logan Brown wins face-off versus Fyodor Svechkov in Hershey Bears zone.
16:03 of 1st period - Logan Brown is hit by Ilya Lyubushkin.
16:17 of 1st period - Snap shot by Fyodor Svechkov.
16:17 of 1st period - Shot Misses the Net.
16:19 of 1st period - Slapshot by Ethen Frank.
16:19 of 1st period - Shot Misses the Net.
18:10 of 1st period - Icing by Colin Miller.
18:11 of 1st period - Rasmus Kupari wins face-off versus Oliver Kapanen in Laval Rocket zone.
18:21 of 1st period - Off-side.
18:22 of 1st period - Olle Lycksell wins face-off versus Hendrix Lapierre in neutral zone.
18:25 of 1st period - Wrist shot by Olle Lycksell.
18:25 of 1st period - Stopped by Calvin Pickard with a rebound.
18:27 of 1st period - Slapshot by Nick Abruzzese.
18:27 of 1st period - Stopped by Calvin Pickard with a rebound.
18:29 of 1st period - Snap shot by Olle Lycksell.
18:29 of 1st period - Shot Blocked by Steven Santini.
18:37 of 1st period - Snap shot by Mikael Pyyhtia.
18:37 of 1st period - Shot Misses the Net.
18:47 of 1st period - Nils Hoglander is hit by Stephen Halliday and loses puck.
19:12 of 1st period - Snap shot by Ben McCartney.
19:12 of 1st period - Shot Blocked by Steven Santini.
19:14 of 1st period - Snap shot by Vasili Ponomarev.
19:14 of 1st period - Stopped by Calvin Pickard with a rebound.
19:18 of 1st period - Slapshot by Ben McCartney.
19:18 of 1st period - Shot Hit the Post.
19:28 of 1st period - Slapshot by Fyodor Svechkov.
19:28 of 1st period - Goal by Fyodor Svechkov - Hershey Bears : 0 - Laval Rocket : 2.
19:29 of 1st period - Rasmus Kupari wins face-off versus Ethen Frank in neutral zone.
19:36 of 1st period - Snap shot by Rasmus Kupari.
19:36 of 1st period - Stopped by Jet Greaves with a rebound.
Goals for this period are 0 for Hershey Bears vs 2 for Laval Rocket.
Shots for this period are 6 for Hershey Bears vs 13 for Laval Rocket.
2nd period
0:01 of 2nd period - Logan Brown wins face-off versus Fyodor Svechkov in neutral zone.
0:04 of 2nd period - Wrist shot by Hendrix Lapierre.
0:04 of 2nd period - Stopped by Jet Greaves with a rebound.
0:06 of 2nd period - Wrist shot by Hendrix Lapierre.
0:06 of 2nd period - Stopped by Jet Greaves with a rebound.
0:08 of 2nd period - Slapshot by Steven Santini.
0:08 of 2nd period - Deflect By Logan Brown.
0:08 of 2nd period - Stopped by Jet Greaves with a rebound.
0:10 of 2nd period - Wrist shot by Nils Hoglander.
0:10 of 2nd period - Stopped by Jet Greaves with a rebound.
0:12 of 2nd period - Snap shot by Nils Hoglander.
0:12 of 2nd period - Stopped by Jet Greaves with a rebound.
0:22 of 2nd period - Minor Penalty to Stephen Halliday for Tripping.
0:23 of 2nd period - Rasmus Kupari wins face-off versus Mikael Pyyhtia in Laval Rocket zone.
0:28 of 2nd period - Wrist shot by Marcus Johansson.
0:28 of 2nd period - Shot Blocked by Ethen Frank.
0:30 of 2nd period - Wrist shot by Rasmus Kupari.
0:30 of 2nd period - Stopped by Jet Greaves with a rebound.
1:46 of 2nd period - Tobias Bjornfot is hit by Hendrix Lapierre and loses puck.
2:22 of 2nd period - Penalty to Stephen Halliday is over, Stephen Halliday is back on ice.
2:35 of 2nd period - Snap shot by David Gustafsson.
2:35 of 2nd period - Shot Misses the Net.
3:18 of 2nd period - Ben McCartney is hit by Yegor Sokolov and loses puck.
3:29 of 2nd period - Martin Chromiak is hit by Steven Santini and loses puck.
4:00 of 2nd period - Wrist shot by Ethen Frank.
4:00 of 2nd period - Stopped by Calvin Pickard with a rebound.
5:22 of 2nd period - Icing by Martin Chromiak.
5:23 of 2nd period - Vasili Ponomarev wins face-off versus Thomas Bordeleau in Laval Rocket zone.
5:55 of 2nd period - Snap shot by Marcus Johansson.
5:55 of 2nd period - Goal by Marcus Johansson - Hershey Bears : 1 - Laval Rocket : 2.
5:56 of 2nd period - Logan Brown wins face-off versus Fyodor Svechkov in neutral zone.
5:56 of 2nd period - Hendrix Lapierre is hit by Ethen Frank.
6:30 of 2nd period - Wrist shot by Vasili Ponomarev.
6:30 of 2nd period - Stopped by Calvin Pickard with a rebound.
6:32 of 2nd period - Wrist shot by Martin Chromiak.
6:32 of 2nd period - Stopped by Calvin Pickard without a rebound.
6:33 of 2nd period - Nick Abruzzese wins face-off versus Rasmus Kupari in Hershey Bears zone.
6:42 of 2nd period - James van Riemsdyk is hit by Tobias Bjornfot and loses puck.
7:00 of 2nd period - Minor Penalty to Lian Bichsel for Interference.
7:01 of 2nd period - Mikael Pyyhtia wins face-off versus Marcus Johansson in Laval Rocket zone.
9:00 of 2nd period - Penalty to Lian Bichsel is over, Lian Bichsel is back on ice.
10:38 of 2nd period - Minor Penalty to Ben McCartney for Holding.
10:39 of 2nd period - Mikael Pyyhtia wins face-off versus Rasmus Kupari in Laval Rocket zone.
10:54 of 2nd period - Snap shot by Mason Lohrei.
10:54 of 2nd period - Stopped by Jet Greaves with a rebound.
12:38 of 2nd period - Penalty to Ben McCartney is over, Ben McCartney is back on ice.
13:40 of 2nd period - Lian Bichsel is hit by Noah Juulsen and loses puck.
13:44 of 2nd period - Icing by Nick Abruzzese.
13:45 of 2nd period - Nick Abruzzese wins face-off versus Rasmus Kupari in Laval Rocket zone.
13:55 of 2nd period - Off-side.
13:56 of 2nd period - Vasili Ponomarev wins face-off versus David Gustafsson in neutral zone.
14:05 of 2nd period - Wrist shot by Ben McCartney.
14:05 of 2nd period - Stopped by Calvin Pickard without a rebound.
14:06 of 2nd period - Fyodor Svechkov wins face-off versus Logan Brown in Hershey Bears zone.
14:35 of 2nd period - Snap shot by Olle Lycksell.
14:35 of 2nd period - Stopped by Calvin Pickard with a rebound.
14:51 of 2nd period - Snap shot by Ivan Miroshnichenko.
14:51 of 2nd period - Stopped by Jet Greaves without a rebound.
14:52 of 2nd period - David Gustafsson wins face-off versus Fyodor Svechkov in Laval Rocket zone.
14:57 of 2nd period - Snap shot by Ivan Miroshnichenko.
14:57 of 2nd period - Shot Misses the Net.
14:59 of 2nd period - Snap shot by Tyler Motte.
14:59 of 2nd period - Shot Misses the Net.
15:01 of 2nd period - Wrist shot by David Gustafsson.
15:01 of 2nd period - Stopped by Jet Greaves with a rebound.
15:03 of 2nd period - Slapshot by Tyler Motte.
15:03 of 2nd period - Stopped by Jet Greaves with a rebound.
15:05 of 2nd period - Wrist shot by Ivan Miroshnichenko.
15:05 of 2nd period - Stopped by Jet Greaves without a rebound.
15:06 of 2nd period - Nick Abruzzese wins face-off versus Logan Brown in Laval Rocket zone.
15:15 of 2nd period - Slapshot by Olle Lycksell.
15:15 of 2nd period - Deflect By Nils Hoglander.
15:15 of 2nd period - Stopped by Calvin Pickard with a rebound.
15:17 of 2nd period - Wrist shot by Nick Abruzzese.
15:17 of 2nd period - Stopped by Calvin Pickard without a rebound.
15:18 of 2nd period - Fyodor Svechkov wins face-off versus Logan Brown in Hershey Bears zone.
15:32 of 2nd period - Wrist shot by Fyodor Svechkov.
15:32 of 2nd period - Stopped by Calvin Pickard with a rebound.
15:40 of 2nd period - Hendrix Lapierre is hit by Colin Miller and loses puck.
16:02 of 2nd period - Off-side.
16:03 of 2nd period - Thomas Bordeleau wins face-off versus Vasili Ponomarev in neutral zone.
16:51 of 2nd period - Wrist shot by Marcus Johansson.
16:51 of 2nd period - Stopped by Jet Greaves with a rebound.
16:53 of 2nd period - Wrist shot by Logan Brown.
16:53 of 2nd period - Shot Misses the Net.
16:59 of 2nd period - Snap shot by Logan Brown.
16:59 of 2nd period - Shot Misses the Net.
17:53 of 2nd period - Off-side.
17:54 of 2nd period - Oliver Kapanen wins face-off versus Rasmus Kupari in neutral zone.
17:57 of 2nd period - Slapshot by Ilya Lyubushkin.
17:57 of 2nd period - Shot Misses the Net.
18:07 of 2nd period - Slapshot by James van Riemsdyk.
18:07 of 2nd period - Shot Blocked by Colin Miller.
18:24 of 2nd period - Ilya Lyubushkin is hit by Noah Juulsen and loses puck.
18:35 of 2nd period - Slapshot by Fyodor Svechkov.
18:35 of 2nd period - Stopped by Calvin Pickard with a rebound.
18:37 of 2nd period - Snap shot by Hugh McGing.
18:37 of 2nd period - Shot Blocked by Marcus Johansson.
18:39 of 2nd period - Snap shot by Ilya Lyubushkin.
18:39 of 2nd period - Stopped by Calvin Pickard with a rebound.
18:41 of 2nd period - Snap shot by Colin Miller.
18:41 of 2nd period - Shot Blocked by Daniil Miromanov.
19:21 of 2nd period - Slapshot by James van Riemsdyk.
19:21 of 2nd period - Goal by James van Riemsdyk - Hershey Bears : 2 - Laval Rocket : 2.
19:22 of 2nd period - Logan Brown wins face-off versus Olle Lycksell in neutral zone.
Goals for this period are 2 for Hershey Bears vs 0 for Laval Rocket.
Shots for this period are 14 for Hershey Bears vs 10 for Laval Rocket.
3rd period
0:01 of 3rd period - Fyodor Svechkov wins face-off versus Logan Brown in neutral zone.
0:12 of 3rd period - Wrist shot by Hendrix Lapierre.
0:12 of 3rd period - Shot Blocked by Ethen Frank.
0:26 of 3rd period - Steven Santini is hit by Vasili Ponomarev and loses puck.
0:31 of 3rd period - Snap shot by Martin Chromiak.
0:31 of 3rd period - Shot Hit the Post.
1:02 of 3rd period - Steven Santini is hit by Mikael Pyyhtia and loses puck.
1:13 of 3rd period - Snap shot by David Gustafsson.
1:13 of 3rd period - Stopped by Jet Greaves with a rebound.
1:19 of 3rd period - Slapshot by Ivan Miroshnichenko.
1:19 of 3rd period - Stopped by Jet Greaves with a rebound.
1:53 of 3rd period - Snap shot by Mason Lohrei.
1:53 of 3rd period - Shot Blocked by David Spacek.
1:55 of 3rd period - Wrist shot by Thomas Bordeleau.
1:55 of 3rd period - Stopped by Jet Greaves without a rebound.
1:56 of 3rd period - Logan Brown wins face-off versus Nick Abruzzese in Laval Rocket zone.
2:01 of 3rd period - Snap shot by Nils Hoglander.
2:01 of 3rd period - Stopped by Jet Greaves without a rebound.
2:02 of 3rd period - Logan Brown wins face-off versus Olle Lycksell in Laval Rocket zone.
2:27 of 3rd period - Wrist shot by Thomas Bordeleau.
2:27 of 3rd period - Stopped by Jet Greaves with a rebound.
2:29 of 3rd period - Snap shot by Yegor Sokolov.
2:29 of 3rd period - Shot Misses the Net.
2:31 of 3rd period - Slapshot by Noah Juulsen.
2:31 of 3rd period - Deflect By Olle Lycksell.
2:31 of 3rd period - Stopped by Jet Greaves with a rebound.
2:33 of 3rd period - Wrist shot by Daniil Miromanov.
2:33 of 3rd period - Shot Blocked by Mikael Pyyhtia.
2:35 of 3rd period - Wrist shot by Yegor Sokolov.
2:35 of 3rd period - Shot Misses the Net.
2:37 of 3rd period - Slapshot by Daniil Miromanov.
2:37 of 3rd period - Stopped by Jet Greaves with a rebound.
2:53 of 3rd period - Wrist shot by Fyodor Svechkov.
2:53 of 3rd period - Goal by Fyodor Svechkov - Hershey Bears : 2 - Laval Rocket : 3.
2:54 of 3rd period - Fyodor Svechkov wins face-off versus Logan Brown in neutral zone.
2:56 of 3rd period - Off-side.
2:57 of 3rd period - Fyodor Svechkov wins face-off versus Logan Brown in neutral zone.
3:00 of 3rd period - Snap shot by Tobias Bjornfot.
3:00 of 3rd period - Stopped by Calvin Pickard with a rebound.
3:34 of 3rd period - Slapshot by Olle Lycksell.
3:34 of 3rd period - Shot Misses the Net.
4:18 of 3rd period - Snap shot by Fyodor Svechkov.
4:18 of 3rd period - Stopped by Calvin Pickard with a rebound.
4:55 of 3rd period - Snap shot by Ivan Miroshnichenko.
4:55 of 3rd period - Shot Blocked by Ilya Lyubushkin.
4:57 of 3rd period - Snap shot by David Gustafsson.
4:57 of 3rd period - Goal by David Gustafsson - Hershey Bears : 3 - Laval Rocket : 3.
4:58 of 3rd period - Logan Brown wins face-off versus Fyodor Svechkov in neutral zone.
5:01 of 3rd period - Backhand shot by Daniil Miromanov.
5:01 of 3rd period - Deflect By Nils Hoglander.
5:01 of 3rd period - Stopped by Jet Greaves without a rebound.
5:02 of 3rd period - Fyodor Svechkov wins face-off versus Logan Brown in Laval Rocket zone.
5:02 of 3rd period - Fyodor Svechkov is hit by Logan Brown.
5:56 of 3rd period - Slapshot by Daniil Miromanov.
5:56 of 3rd period - Shot Misses the Net.
6:09 of 3rd period - Icing by Ilya Lyubushkin.
6:10 of 3rd period - Oliver Kapanen wins face-off versus Ivan Miroshnichenko in Laval Rocket zone.
6:45 of 3rd period - Snap shot by Mikael Pyyhtia.
6:45 of 3rd period - Shot Misses the Net.
8:04 of 3rd period - Wrist shot by Martin Chromiak.
8:04 of 3rd period - Stopped by Calvin Pickard with a rebound.
8:06 of 3rd period - Slapshot by Martin Chromiak.
8:06 of 3rd period - Stopped by Calvin Pickard with a rebound.
8:08 of 3rd period - Snap shot by Martin Chromiak.
8:08 of 3rd period - Stopped by Calvin Pickard without a rebound.
8:09 of 3rd period - Nick Abruzzese wins face-off versus Rasmus Kupari in Hershey Bears zone.
8:10 of 3rd period - Wrist shot by Olle Lycksell.
8:10 of 3rd period - Stopped by Calvin Pickard with a rebound.
8:38 of 3rd period - Wrist shot by Fyodor Svechkov.
8:38 of 3rd period - Stopped by Calvin Pickard with a rebound.
9:04 of 3rd period - Wrist shot by Nathan Bastian.
9:04 of 3rd period - Shot Misses the Net.
9:06 of 3rd period - Wrist shot by Yegor Sokolov.
9:06 of 3rd period - Stopped by Jet Greaves with a rebound.
9:08 of 3rd period - Slapshot by Daniil Miromanov.
9:08 of 3rd period - Shot Misses the Net.
9:20 of 3rd period - Slapshot by Olle Lycksell.
9:20 of 3rd period - Shot Blocked by Mason Lohrei.
9:36 of 3rd period - Oliver Kapanen is hit by Rasmus Kupari and loses puck.
9:57 of 3rd period - Off-side.
9:58 of 3rd period - Vasili Ponomarev wins face-off versus Logan Brown in neutral zone.
10:03 of 3rd period - Nils Hoglander is hit by Vasili Ponomarev and loses puck.
10:24 of 3rd period - Wrist shot by Marcus Johansson.
10:24 of 3rd period - Stopped by Jet Greaves without a rebound.
10:25 of 3rd period - James van Riemsdyk wins face-off versus Nick Abruzzese in Laval Rocket zone.
10:50 of 3rd period - Tobias Bjornfot is hit by Hendrix Lapierre and loses puck.
10:55 of 3rd period - Snap shot by Nils Hoglander.
10:55 of 3rd period - Shot Blocked by Tobias Bjornfot.
10:57 of 3rd period - Backhand shot by Noah Juulsen.
10:57 of 3rd period - Stopped by Jet Greaves without a rebound.
10:58 of 3rd period - Thomas Bordeleau wins face-off versus Fyodor Svechkov in Laval Rocket zone.
11:03 of 3rd period - Wrist shot by Thomas Bordeleau.
11:03 of 3rd period - Shot Blocked by Ilya Lyubushkin.
11:51 of 3rd period - Slapshot by Ilya Lyubushkin.
11:51 of 3rd period - Deflect By James van Riemsdyk.
11:51 of 3rd period - Stopped by Calvin Pickard without a rebound.
11:52 of 3rd period - Fyodor Svechkov wins face-off versus Thomas Bordeleau in Hershey Bears zone.
11:53 of 3rd period - Snap shot by Ethen Frank.
11:53 of 3rd period - Stopped by Calvin Pickard without a rebound.
11:54 of 3rd period - Thomas Bordeleau wins face-off versus Fyodor Svechkov in Hershey Bears zone.
12:03 of 3rd period - Slapshot by Mason Lohrei.
12:03 of 3rd period - Shot Blocked by Mikko Kokkonen.
12:05 of 3rd period - Backhand shot by Mason Lohrei.
12:05 of 3rd period - Shot Blocked by Fyodor Svechkov.
12:07 of 3rd period - Wrist shot by Thomas Bordeleau.
12:07 of 3rd period - Shot Blocked by David Spacek.
12:09 of 3rd period - Slapshot by Mason Lohrei.
12:09 of 3rd period - Shot Blocked by Ethen Frank.
12:32 of 3rd period - Snap shot by Fyodor Svechkov.
12:32 of 3rd period - Shot Misses the Net.
13:16 of 3rd period - Wrist shot by Ben McCartney.
13:16 of 3rd period - Shot Blocked by Ben Hutton.
14:30 of 3rd period - Snap shot by Nathan Bastian.
14:30 of 3rd period - Goal by Nathan Bastian - Hershey Bears : 4 - Laval Rocket : 3.
14:31 of 3rd period - Nick Abruzzese wins face-off versus Logan Brown in neutral zone.
14:41 of 3rd period - Wrist shot by Olle Lycksell.
14:41 of 3rd period - Shot Misses the Net.
14:43 of 3rd period - Slapshot by Ilya Lyubushkin.
14:43 of 3rd period - Deflect By Logan Brown.
14:43 of 3rd period - Stopped by Calvin Pickard without a rebound.
14:44 of 3rd period - Stephen Halliday wins face-off versus Rasmus Kupari in Hershey Bears zone.
14:45 of 3rd period - Slapshot by Ethen Frank.
14:45 of 3rd period - Shot Blocked by Daniil Miromanov.
14:55 of 3rd period - Wrist shot by Fyodor Svechkov.
14:55 of 3rd period - Stopped by Calvin Pickard without a rebound.
14:56 of 3rd period - Logan Brown wins face-off versus Fyodor Svechkov in Hershey Bears zone.
15:07 of 3rd period - Wrist shot by Nils Hoglander.
15:07 of 3rd period - Shot Blocked by Colin Miller.
15:21 of 3rd period - Yegor Sokolov is hit by Colin Miller and loses puck.
15:43 of 3rd period - Off-side.
15:44 of 3rd period - Nick Abruzzese wins face-off versus Tyler Motte in neutral zone.
15:52 of 3rd period - Off-side.
15:53 of 3rd period - Thomas Bordeleau wins face-off versus Oliver Kapanen in neutral zone.
16:19 of 3rd period - Wrist shot by Hendrix Lapierre.
16:19 of 3rd period - Stopped by Jet Greaves without a rebound.
16:20 of 3rd period - Logan Brown wins face-off versus Vasili Ponomarev in Laval Rocket zone.
16:45 of 3rd period - Nick Abruzzese is hit by Thomas Bordeleau and loses puck.
17:08 of 3rd period - Ethen Frank is hit by Tyler Motte.
17:12 of 3rd period - Snap shot by Ivan Miroshnichenko.
17:12 of 3rd period - Shot Misses the Net.
17:14 of 3rd period - Wrist shot by Ivan Miroshnichenko.
17:14 of 3rd period - Deflect By David Gustafsson.
17:14 of 3rd period - Stopped by Jet Greaves with a rebound.
17:16 of 3rd period - Snap shot by David Gustafsson.
17:16 of 3rd period - Stopped by Jet Greaves without a rebound.
17:17 of 3rd period - Vasili Ponomarev wins face-off versus Logan Brown in Laval Rocket zone.
17:23 of 3rd period - Wrist shot by Tobias Bjornfot.
17:23 of 3rd period - Deflect By Martin Chromiak.
17:23 of 3rd period - Stopped by Calvin Pickard with a rebound.
17:25 of 3rd period - Snap shot by Martin Chromiak.
17:25 of 3rd period - Goal by Martin Chromiak - Hershey Bears : 4 - Laval Rocket : 4.
17:26 of 3rd period - Thomas Bordeleau wins face-off versus Martin Chromiak in neutral zone.
17:33 of 3rd period - Slapshot by Nathan Bastian.
17:33 of 3rd period - Shot Misses the Net.
17:51 of 3rd period - Martin Chromiak is hit by Nils Hoglander and loses puck.
17:56 of 3rd period - Slapshot by Hendrix Lapierre.
17:56 of 3rd period - Deflect By Nils Hoglander.
17:56 of 3rd period - Stopped by Jet Greaves with a rebound.
17:58 of 3rd period - Wrist shot by Logan Brown.
17:58 of 3rd period - Deflect By Ilya Lyubushkin.
17:58 of 3rd period - Stopped by Jet Greaves with a rebound.
18:00 of 3rd period - Snap shot by Nils Hoglander.
18:00 of 3rd period - Shot Misses the Net.
18:02 of 3rd period - Slapshot by Steven Santini.
18:02 of 3rd period - Stopped by Jet Greaves with a rebound.
18:16 of 3rd period - Slapshot by Colin Miller.
18:16 of 3rd period - Deflect By Oliver Kapanen.
18:16 of 3rd period - Shot Blocked by Noah Juulsen.
18:16 of 3rd period - Puck is out of play.
18:17 of 3rd period - Oliver Kapanen wins face-off versus Ivan Miroshnichenko in Hershey Bears zone.
18:40 of 3rd period - David Gustafsson is hit by Nick Abruzzese and loses puck.
19:09 of 3rd period - Wrist shot by Yegor Sokolov.
19:09 of 3rd period - Stopped by Jet Greaves with a rebound.
19:11 of 3rd period - Wrist shot by Yegor Sokolov.
19:11 of 3rd period - Shot Misses the Net.
19:18 of 3rd period - Icing by Ethen Frank.
19:19 of 3rd period - Logan Brown wins face-off versus Ethen Frank in Laval Rocket zone.
19:20 of 3rd period - Snap shot by Hendrix Lapierre.
19:20 of 3rd period - Stopped by Jet Greaves without a rebound.
19:21 of 3rd period - Fyodor Svechkov wins face-off versus Logan Brown in Laval Rocket zone.
Goals for this period are 2 for Hershey Bears vs 2 for Laval Rocket.
Shots for this period are 21 for Hershey Bears vs 14 for Laval Rocket.
Overtime #1
0:01 of 1st overtime period - Logan Brown wins face-off versus Fyodor Svechkov in neutral zone.
0:08 of 1st overtime period - Icing by Ilya Lyubushkin.
0:09 of 1st overtime period - Logan Brown wins face-off versus Fyodor Svechkov in Laval Rocket zone.
0:14 of 1st overtime period - Slapshot by Mason Lohrei.
0:14 of 1st overtime period - Deflect By Thomas Bordeleau.
0:14 of 1st overtime period - Shot Blocked by Colin Miller.
0:14 of 1st overtime period - Puck is out of play.
0:15 of 1st overtime period - Rasmus Kupari wins face-off versus Mikael Pyyhtia in Laval Rocket zone.
0:26 of 1st overtime period - Wrist shot by Ethen Frank.
0:26 of 1st overtime period - Goal by Ethen Frank - Hershey Bears : 4 - Laval Rocket : 5.
Goals for this period are 0 for Hershey Bears vs 1 for Laval Rocket.
Shots for this period are 0 for Hershey Bears vs 1 for Laval Rocket.
Back to the Top